 Dungeon Crawl Stone Soup version 0.20-a0-1018-ge435b50 (webtiles) character file.

1783 roguesci the Sneak (level 9, -5/80 HPs)
             Began as a Naga Transmuter on Apr 17, 2017.
             Was an Elder of Cheibriados.
             Slain by Rationalist's ghost (13 damage)
             ... on level 6 of the Dungeon.
             The game lasted 00:26:56 (7710 turns).

roguesci the Sneak (Naga Transmuter)                Turns: 7710, Time: 00:26:57

Health: -5/80      AC:  2    Str: 24    XL:     9   Next: 8%
Magic:  22/24      EV: 25    Int: 23    God:    Cheibriados [****..]
Gold:   252        SH:  0    Dex: 21    Spells: 12/16 levels left

rFire    + . .     SeeInvis +     - Unarmed
rCold    + . .     Gourm    .   (shield currently unavailable)
rNeg     . . .     Faith    .   (armour currently unavailable)
rPois    .         Spirit   .   (helmet currently unavailable)
rElec    .         Reflect  .   (cloak currently unavailable)
rCorr    .         Harm     .   (gloves currently unavailable)
MR       +....                  (no barding)
Stlth    ++++......             (no amulet)
Regen    0.3/turn               z - ring "Qemevued" {rPois rC++ MP+9 Dex-5 Stlth+}
MPRegen  0.2/turn               A - ring of fire

@: spider-form, very slow
A: repulsion field 1, rugged brown scales 1, see invisible, slow metabolism 1,
spit poison 1, AC +3
a: Spit Poison, End Transformation, Bend Time, Temporal Distortion, Slouch,
Renounce Religion


You were on level 6 of the Dungeon.
You worshipped Cheibriados.
Cheibriados was greatly pleased with you.
You were not hungry.
You were a venomous arachnid creature.
You visited 1 branch of the dungeon, and saw 6 of its levels.

You collected 252 gold pieces.

Inventory:

Hand Weapons
 I - a +0 shortbow
Missiles
 a - 72 arrows
 e - 181 stones (quivered)
Armour
 b - a +0 robe (melded)
 f - a +0 cloak (melded)
 p - a cursed +0 helmet (melded)
 v - a +0 pair of gloves (melded)
 x - a +0 shield
 E - a +0 helmet
Jewellery
 z - the ring "Qemevued" (left front leg) {rPois rC++ MP+9 Dex-5 Stlth+}
   (You found it on level 4 of the Dungeon)

   [ring of stealth]

   It affects your dexterity (-5).
   It greatly protects you from cold.
   It protects you from poison.
   It affects your magic capacity (+9).
   It makes you more stealthy.
 A - a ring of fire (right front leg)
Wands
 h - a wand of flame (12/48)
 t - a wand of flame (22/48)
Scrolls
 g - a scroll of noise {unknown}
 j - a scroll of fear {unknown}
 l - a scroll of identify
 o - a scroll of teleportation {unknown}
 q - a scroll of magic mapping {unknown}
 w - a scroll of enchant armour {unknown}
 y - a scroll of blinking
 B - a scroll of amnesia {unknown}
Potions
 i - a potion of flight {unknown}
 k - 3 potions of brilliance
 r - a potion of agility {unknown}
 u - 3 potions of haste
 C - a potion of heal wounds {unknown}
 G - a potion of cancellation {unknown}
Books
 c - a book of Changes

   Spells                             Type                      Level
   a - Beastly Appendage              Transmutation                1
   b - Sticks to Snakes               Transmutation                2
   c - Spider Form                    Transmutation/Poison         3
   d - Ice Form                       Ice/Transmutation            4
   e - Blade Hands                    Transmutation                5
Comestibles
 d - 4 bread rations
 m - a meat ration
 s - 2 royal jellies
 D - a fruit


   Skills:
 + Level 4.2 Fighting
 * Level 4.4 Dodging
 + Level 5.6 Stealth
 + Level 3.1 Shields
 * Level 4.6 Unarmed Combat
 * Level 4.4 Spellcasting
 + Level 4.5 Transmutations
 - Level 2.2 Poison Magic


You had 12 spell levels left.
You knew the following spells:

 Your Spells              Type           Power        Failure   Level  Hunger
a - Beastly Appendage     Tmut           ####..       6%          1    None
b - Spider Form           Tmut/Pois      ###.......   24%         3    ##.....


Dungeon Overview and Level Annotations

Branches:
Dungeon (6/15)
 Temple: D:4-7

Altars:
Ashenzari
Cheibriados
Elyvilon
Fedhas
Gozag
Kikubaaqudgha
Okawaru
Ru
Sif Muna

Annotations:
D:6 Rationalist's ghost, novice MiFi


Innate Abilities, Weirdness & Mutations

You cannot wear boots.
((Your serpentine skin is tough. (AC +3)))
You have supernaturally acute eyesight. (SInv)
((Armour fits poorly on your strangely shaped body.))
((Your system is resistant to poisons. (rPois)))
((You cover ground very slowly.))
You have a slow metabolism.
You can spit poison.
You are surrounded by a mild repulsion field. (EV +2)
(You are partially covered in rugged brown scales. (AC +1, +3% HP))
((Your flesh is heat resistant. (rF+)))


Message History

There is a stone staircase leading down here.
Your transformation has ended.
Your +0 cloak unmelds from your body.
Your cursed +0 helmet unmelds from your body.
Your +0 pair of gloves unmelds from your body.
Your +0 robe unmelds from your body.
Rationalist's ghost barely misses you.
Casting: Spider Form
Confirm with . or Enter, or press ? or * to list all spells.
You turn into a venomous arachnid creature.
Your +0 cloak melds into your body.
Your cursed +0 helmet melds into your body.
Your +0 pair of gloves melds into your body.
Your +0 robe melds into your body.
Rationalist's ghost hits you!
* * * LOW HITPOINT WARNING * * *
Rationalist's ghost screams, "Very impressive.
But it won't help.
Nothing will."
Rationalist's ghost closely misses you. Rationalist's ghost hits you.
* * * LOW HITPOINT WARNING * * *
Rationalist's ghost hits you!
You die...

#.....### ##.g###
#########...###
##......ga.....#
#...######........
#..## ###.#####
###g.# ### ####....##
######
##........####Ws..##
#...##...gg.gg###..##
##.######..#####
##.<# #..# #..# ####
.### ##.# ## ##.#
#.## ###


You could see a gnoll shaman, Rationalist's ghost and 3 gnolls.

Vanquished Creatures
  The ghost of George the Slasher, a novice MiFi (D:5)
  An ice beast (D:5)
  An ogre (D:4)
  2 sky beasts
  A centaur (D:6)
  Blork the orc (D:4)
  2 bullfrogs (D:6)
  A scorpion (D:5)
  A crimson imp (D:5)
  A quasit (D:5)
  4 orc priests
  2 hounds (D:4)
  A bullfrog skeleton (D:5)
  Crazy Yiuf (D:2)
  An iguana (D:5)
  5 orc wizards
  4 worker ants
  7 adders
  A gnoll (D:6)
  An adder skeleton (D:5)
  3 worms
  2 dart slugs (D:1)
  3 leopard geckos
  18 orcs
  7 bats
  8 giant cockroaches
  11 goblins
  7 hobgoblins
  4 jackals
  3 quokkas
  A ball python (D:2)
  7 frilled lizards
  A jackal skeleton (D:4)
  8 kobolds
  A leopard gecko skeleton (D:4)
  A quokka skeleton (D:4)
  12 rats
  A fungus (D:2)
137 creatures vanquished.

Notes
Turn   | Place    | Note
-------+----------+-------------------------------------------
     0 | D:1      | roguesci the Naga Transmuter began the quest for the Orb.
     0 | D:1      | Reached XP level 1. HP: 18/18 MP: 3/3
   213 | D:1      | Reached XP level 2. HP: 19/25 MP: 3/5
   225 | D:1      | HP: 1/25 [kobold (1)]
  1164 | D:1      | Reached skill level 1 in Stealth
  1348 | D:1      | Reached XP level 3. HP: 32/32 MP: 6/6
  1536 | D:1      | Learned a level 3 spell: Spider Form
  1855 | D:2      | Found a snail-covered altar of Cheibriados.
  1859 | D:2      | Became a worshipper of Cheibriados the Contemplative
  1965 | D:2      | Found an ancient bone altar of Kikubaaqudgha.
  1990 | D:2      | Reached skill level 1 in Poison Magic
  2306 | D:2      | Found a runed door.
  2311 | D:2      | Noticed Crazy Yiuf
  2315 | D:2      | Killed Crazy Yiuf
  2315 | D:2      | Reached skill level 2 in Stealth
  2315 | D:2      | Reached XP level 4. HP: 29/39 MP: 0/7
  2471 | D:2      | Found an opulent altar of Gozag.
  2627 | D:2      | Found a white marble altar of Elyvilon.
  2777 | D:2      | Found a shattered altar of Ashenzari.
  2883 | D:3      | Reached * piety under Cheibriados
  3501 | D:3      | Reached XP level 5. HP: 46/46 MP: 8/8
  3770 | D:3      | Gained mutation: Potions are less effective at restoring your health. [potion of mutation]
  3770 | D:3      | Gained mutation: You have a somewhat thin skeletal structure. (Dex +2, Stealth) [potion of mutation]
  3901 | D:3      | Lost mutation: Potions are less effective at restoring your health. [potion of mutation]
  3901 | D:3      | Lost mutation: You have a somewhat thin skeletal structure. (Dex +2, Stealth) [potion of mutation]
  3901 | D:3      | Gained mutation: You are partially covered in rugged brown scales. (AC +1, +3% HP) [potion of mutation]
  3901 | D:3      | Gained mutation: Your flesh is heat resistant. (rF+) [potion of mutation]
  3901 | D:3      | Gained mutation: You are surrounded by a mild repulsion field. (EV +2) [potion of mutation]
  4002 | D:3      | Found an iron altar of Okawaru.
  4337 | D:4      | Noticed a sky beast
  4372 | D:4      | Reached skill level 1 in Shields
  4372 | D:4      | Reached XP level 6. HP: 40/56 MP: 5/9
  4374 | D:4      | Reached ** piety under Cheibriados
  4383 | D:4      | Killed a sky beast
  4383 | D:4      | Reached skill level 3 in Stealth
  4503 | D:4      | Got a pitted jade ring
  4770 | D:4      | Identified the ring "Qemevued" {rPois rC++ MP+9 Dex-5 Stlth+} (You found it on level 4 of the Dungeon)
  4907 | D:4      | Found a deep blue altar of Sif Muna.
  4962 | D:4      | Noticed Blork the orc
  4976 | D:4      | Killed Blork the orc
  4976 | D:4      | Reached XP level 7. HP: 55/63 MP: 10/10
  5339 | D:4      | Found a blossoming altar of Fedhas.
  5645 | D:5      | Entered Level 5 of the Dungeon
  5935 | D:5      | Reached *** piety under Cheibriados
  5935 | D:5      | Reached skill level 4 in Stealth
  5942 | D:5      | Reached XP level 8. HP: 63/74 MP: 12/12
  6017 | D:5      | Noticed George's ghost (novice MiFi)
  6104 | D:5      | Found a sacrificial altar of Ru.
  6406 | D:5      | Killed George's ghost
  6786 | D:5      | Reached skill level 5 in Stealth
  7233 | D:6      | Reached XP level 9. HP: 20/80 MP: 15/15
  7438 | D:6      | Reached **** piety under Cheibriados
  7659 | D:6      | Noticed Rationalist's ghost (novice MiFi)
  7710 | D:6      | Slain by Rationalist's ghost

Vault maps used:
D:1:      dpeg_arrival_pond, minmay_tetromino_l4
D:2:      overflow_temple_1_default, marbit_many_paths, kiku_gazebo_pond_becter,
          lemuel_crystal_altar, first_bread, nicolae_gozag_seed_capital,
          uniq_crazy_yiuf_cottage
D:3:      lemuel_round_altar
D:4:      lemuel_crystal_altar, lemuel_doored_altar, minmay_checkerbox,
          uniq_blork_the_orc
D:5:      nicolae_ru_great_annihilating_truth, roderic_serpentine_path
D:6:      kennysheep_six_static_rooms, minmay_temple_entry_fiery, basic_altar

Skill      XL: |  1  2  3  4  5  6  7  8 |
---------------+-------------------------+-----
Stealth        | 1 2 3 4 5 |  5.6
Poison Magic   | 1 2 |  2.2
Dodging        | 2 3 4 |  4.4
Fighting       | 2 3 4 |  4.2
Transmutations | 3 4 |  4.5
Shields        | 1 2 3 |  3.1
Spellcasting   | 3 4 |  4.4
Unarmed Combat | 4 |  4.6

Action                   |  1- 3 |  4- 6 |  7- 9 || total
-------------------------+-------+-------+-------++-------
Melee: Unarmed           |   127 |   203 |   219 ||   549
       Headbutt          |    10 |       |       ||    10
       Punch             |       |     3 |       ||     3
       Mace              |       |    12 |       ||    12
Throw: Stone             |     5 |     3 |       ||     8
 Cast: Beastly Appendage |    19 |       |       ||    19
       Spider Form       |     1 |    12 |    23 ||    36
 Abil: Spit Poison       |       |       |     1 ||     1
  Use: Potion            |       |     3 |     4 ||     7
       Scroll            |       |       |     4 ||     4
 Stab: Sleeping          |     2 |     4 |     9 ||    15
  Eat: Chunk             |     4 |     6 |     7 ||    17
Armor: Robe              |    26 |    84 |    34 ||   144
       Skin              |       |     1 |     5 ||     6
Dodge: Dodged            |    66 |   165 |   230 ||   461
Block: Shield            |       |     4 |       ||     4
